 Dungeon Crawl Stone Soup version 0.30.1 (webtiles) character file.

Game seed: 16687213383846373671

116 gbid0 the Conjurer (level 5, -2/31 HPs)
             Began as a Tengu Reaver on July 1, 2023.
             Was a Believer of Fedhas.
             Killed from afar by an orc wizard (7 damage)
             ... with a puff of flame
             ... on level 3 of the Dungeon.
             The game lasted 00:16:37 (2442 turns).

gbid0 the Conjurer (Tengu Reaver)                   Turns: 2442, Time: 00:16:37

Health: -2/31      AC:  4    Str: 12    XL:     5   Next: 0%
Magic:  0/9        EV: 14    Int: 15    God:    Fedhas [**....]
Gold:   103        SH:  0    Dex: 16    Spells: 7/8 levels left

rFire   . . .        p - +7 dagger "Lifebane" {freeze, rElec Dex+3}
rCold   . . .        (no shield)
rNeg    + . .        b - +1 leather armour
rPois   .            (helmet restricted)
rElec   +            (no cloak)
rCorr   .            (no gloves)
SInv    .            (boots unavailable)
Will    .....        s - amulet of guardian spirit
Stlth   +            l - ring of positive energy
HPRegen 0.25/turn    (no ring)
MPRegen 0.11/turn

%: guardian spirit
@: flying quickly and evasively, quick
A: beak, talons 3, nimble flight
a: Renounce Religion, Wall of Briars


You were on level 3 of the Dungeon.
You worshipped Fedhas.
Fedhas was pleased with you.
You visited 1 branch of the dungeon, and saw 3 of its levels.

You collected 103 gold pieces.

Inventory:

Hand Weapons
 a - a +0 falchion
 p - the +7 dagger "Lifebane" (weapon) {freeze, rElec Dex+3}
   (You found it on level 2 of the Dungeon)

   Dex:       It affects your dexterity (+3).
   rElec:     It insulates you from electricity.
 r - a +2 dagger of protection
Armour
 b - a +1 leather armour (worn)
 d - a +0 robe
 i - a +0 robe
 o - a +0 robe
 v - a +2 pair of boots
Magical Staves
 c - a staff of poison
Jewellery
 l - a ring of positive energy (left hand)
 s - an amulet of guardian spirit (around neck)
Scrolls
 f - a scroll of fear {unknown}
 g - a scroll of noise {unknown}
 h - a scroll of enchant weapon {unknown}
 j - a scroll of fog {unknown}
 q - 2 scrolls of enchant armour
 w - a scroll of poison {unknown}
 x - a scroll of identify {unknown}
 y - a scroll of teleportation {unknown}
Potions
 e - a potion of heal wounds {unknown}
 k - 2 potions of haste {unknown}
 m - a potion of might {unknown}
 n - a potion of attraction {unknown}
 t - 2 potions of mutation {unknown}
 u - a potion of degeneration {unknown}


   Skills:
 + Level 2.3 Fighting
 - Level 3.4 Long Blades
 - Level 2.5 Staves
 + Level 1.5 Armour
 + Level 2.5 Dodging
 - Level 0.7 Stealth
 * Level 2.1 Spellcasting
 * Level 4.5 Conjurations
 * Level 1.3 Necromancy


You had 7 spell levels left.
You knew the following spells:

 Your Spells              Type           Power      Damage    Failure   Level
a - Kiss of Death         Conj/Necr      40%        2d8       9%          1

Your spell library contained the following spells:

 Spells                   Type           Power      Damage    Failure   Level
 Momentum Strike          Conj/Tloc      16%        3d8       17%         2
 Beastly Appendage        Tmut           2%         N/A       28%         1
 Hailstorm                Conj/Ice       8%         3d4       32%         3
 Wereblood                Tmut           1%         N/A       38%         2
 Confusing Touch          Hex            1%         N/A       63%         3
 Spider Form              Tmut/Pois      1%         N/A       63%         3
 Dispel Undead            Necr           5%         3d7       85%         4


Dungeon Overview and Level Annotations

Branches:
Dungeon (3/15)

Altars:
Fedhas


Innate Abilities, Weirdness & Mutations

You have a beak for a mouth.
You have claws for feet.
Your magical nature lets you fly swiftly and evasively.


Message History

You closely miss the kobold. Your kick misses the kobold.
Your peck misses the kobold. The kobold completely misses you.
You hit the kobold. You freeze the kobold.
You kill the kobold!
Fedhas appreciates your contribution to the ecosystem.
Things that are here:
a +0 club; 2 stones An orc and an orc wizard come into view.
Found a sedimented purple potion.
The orc shouts!
The orc wizard shouts!
You hear a shout!
An orc priest comes into view. It is wielding a +0 hand axe.
The orc hits you but does no damage.
You hit the orc. You freeze the orc. You claw the orc.
The orc is severely wounded.
The orc hits you but does no damage.
You hit the orc. You freeze the orc.
You kill the orc!
Fedhas appreciates your contribution to the ecosystem.
The orc priest calls down the wrath of Beogh upon you.
Beogh smites you!
You have reached level 5!
Your magical nature develops, letting you fly swiftly and evasively.
Char dumped successfully.
You hit the orc wizard. You freeze the orc wizard.
Your kick misses the orc wizard.
The orc wizard is moderately wounded.
The orc wizard hits you with a +0 dagger.
You hit the orc wizard. You freeze the orc wizard.
Your peck misses the orc wizard.
The orc wizard is severely wounded.
The orc wizard hits you with a +0 dagger.
The orc priest calls down the wrath of Beogh upon you.
Beogh smites you!
* * * LOW HITPOINT WARNING * * *
You barely miss the orc wizard.
The orc wizard is severely wounded.
The orc wizard casts a spell at you. The puff of flame hits you!
You die...
Fedhas appreciates your contribution to the ecosystem.

### ....
#..# #..#
#..# #..#
#..#
########o.#
#......@o.#
#.#######.#
#.# .# #.#
o! ..# #.#
.o###.# #.#
#.....# #.#
.##..# #.#
###..# #.#
#..#


You could see an orc priest and an orc wizard.

Vanquished Creatures
  4 adders
  A worm (D:2)
  A dart slug (D:2)
  An orc (D:3)
  8 endoplasms
  2 giant cockroaches (D:2)
  7 goblins
  8 hobgoblins
  3 jackals (D:2)
  2 quokkas (D:1)
  8 ball pythons
  5 bats
  2 frilled lizards (D:2)
  5 kobolds
  12 rats
69 creatures vanquished.

Notes
Turn   | Place    | Note
-------+----------+-------------------------------------------
     0 | D:1      | gbid0 the Tengu Reaver began the quest for the Orb.
     0 | D:1      | Reached XP level 1. HP: 12/12 MP: 4/4
    36 | D:1      | Reached XP level 2. HP: 13/17 MP: 6/6
   198 | D:1      | Found a faded altar of an unknown god.
   237 | D:1      | Prayed at the altar of an unknown god.
   237 | D:1      | Became a worshipper of Fedhas Madash
   237 | D:1      | Reached * piety under Fedhas
   260 | D:1      | Reached skill level 1 in Staves
   303 | D:1      | Reached XP level 3. HP: 20/21 MP: 7/7
  1044 | D:2      | Reached ** piety under Fedhas
  1045 | D:2      | Reached skill level 1 in Necromancy
  1268 | D:2      | Reached XP level 4. HP: 25/26 MP: 8/8
  1329 | D:2      | Reached skill level 1 in Armour
  1594 | D:2      | Identified the +7 dagger "Lifebane" {freeze, rElec Dex+3}
  2173 | D:3      | Identified the +6 scale mail of Hogheipy {Fly Str+6}
  2440 | D:3      | Gained mutation: Your magical nature lets you fly swiftly
                  | and evasively. [Tengu growth]
  2440 | D:3      | Reached XP level 5. HP: 17/31 MP: 4/9
  2442 | D:3      | Killed from afar by an orc wizard

Illustrated notes

Levels and vault maps discovered:
D:1:      onia_arrival_handbag, layout_basic, shapermc_ecumenical_altar_venn,
          serial_park_tiny_2, minmay_bisected
D:2:      layout_basic
D:3:      layout_loops_ring, uniq_crazy_yiuf_cottage

Skill      XL: |  1  2  3  4 |
---------------+-------------+-----
Staves         | 1 2 |  2.5
Necromancy     | 1 |  1.3
Armour         | 1 |  1.5
Fighting       | |  2.3
Long Blades    | |  3.4
Dodging        | |  2.5
Stealth        | |  0.7
Spellcasting   | |  2.1
Conjurations   | |  4.5

Action                     |  1- 3 |  4- 6 || total
---------------------------+-------+-------++-------
  Melee: Falchion          |    14 |       ||    14
         Kick              |    32 |    12 ||    44
         Staff             |    85 |    44 ||   129
         Peck              |     9 |     5 ||    14
         Punch             |     5 |       ||     5
         Dagger            |       |    24 ||    24
    Use: Scroll            |       |     1 ||     1
   Stab: Sleeping          |       |     1 ||     1
 Armour: Leather armour    |    31 |    27 ||    58
  Dodge: Dodged            |    58 |    44 ||   102
